Map: Zen LE

Players

Nigrnog

  • Race: Terran Terran
  • League: Silver
  • Spawn Location: 1:00

MooEsqoo - Winner!

  • Race: Zerg Zerg
  • Spawn Location: 7:00

VOD

Have the link to the VOD?

Description

Time

  • Played on: Dec. 18, 2019, 9:40 a.m.
  • Length: 13:14
Show
View Real Time Build Order
Export as new Build Order

Nigrnog Terran 

Build Orders:  

Get SALT Encoding   

  12  0:01  SCV  
  13  0:13  SCV  
  14  0:24  Supply Depot  
  14  0:25  SCV  
  15  0:33  Refinery  
  15  0:45  SCV  
  16  0:54  Barracks  
  16  0:58  SCV  
  17  1:10  SCV  
  18  1:22  SCV  
  19  1:34  SCV  
  19  1:39  Refinery  
  20  1:44  Barracks Reactor  
  20  1:46  SCV  
  21  1:47  Supply Depot  
  21  1:58  SCV  
  22  2:10  SCV  
  22  2:12  Command Center  
  23  2:22  SCV  
  24  2:23  Supply Depot, Marine  
  24  2:26  Marine  
  26  2:34  SCV  
  27  2:41  Marine  
  28  2:44  Marine  
  28  2:47  Orbital Command  
  29  2:59  Marine  
  29  3:02  Marine  
  31  3:17  Marine  
  32  3:21  Marine  
  33  3:32  Barracks  
  33  3:34  Barracks  
  33  3:35  Marine  
  33  3:39  Barracks, Marine  
  35  3:42  SCV  
  35  3:44  SCV  
  37  3:53  Marine  
  38  3:56  SCV  
  38  3:57  Marine  
  40  4:08  SCV  
  41  4:10  Marine  
  41  4:13  Ghost Academy  
  42  4:20  SCV  
  43  4:29  Marine x2  
  45  4:33  SCV  
  45  4:36  Barracks Tech Lab  
  45  4:37  Barracks Tech Lab  
  46  4:39  Barracks Tech Lab  
  46  4:45  SCV  
  47  4:47  Marine x2  
  47  4:50  Supply Depot  
  49  4:53  Supply Depot  
  49  4:57  SCV, Personal Cloaking  
  50  5:05  Marine x2  
  50  5:06  Marauder  
  54  5:12  SCV, Marauder x2  
  54  5:14  Supply Depot, SCV  
  60  5:15  Supply Depot  
  60  5:24  SCV  
  60  5:26  SCV  
  62  5:34  Marauder x2  
  62  5:35  Marauder  
  68  5:38  SCV  
  69  5:46  Factory  
  69  5:56  Marauder x2  
  73  5:57  Marauder  
  73  6:02  Marine  
  73  6:03  Marine  
  77  6:08  SCV  
  78  6:15  Refinery  
  78  6:19  Marauder  
  78  6:20  SCV, Marine  
  78  6:23  Marauder  
  84  6:26  Marauder  
  84  6:28  Concussive Shells  
  85  6:33  SCV  
  86  6:40  Nuke  
  86  6:57  Supply Depot  
  86  7:00  Supply Depot  
  86  7:11  Starport  
  86  7:16  Starport  
  86  7:18  Ghost x3  
  86  7:19  SCV  
  93  7:23  Refinery  
  93  7:30  Marine x2  
  93  7:31  SCV  
  96  7:37  Factory Tech Lab  
  96  7:43  SCV  
  97  7:48  Marine  
  98  7:55  SCV  
  98  7:57  Marine  
  100  8:03  Marauder  
  102  8:08  Supply Depot  
  102  8:13  Supply Depot  
  102  8:19  Supply Depot  
  102  8:29  Marine x2  
  102  8:30  SCV, Marauder x2  
  109  8:42  SCV  
  109  8:44  Nuke  
  110  8:51  Armory  
  110  8:54  SCV  
  111  8:59  Ghost Academy  
  111  9:06  SCV  
  110  9:18  SCV  
  110  9:23  Command Center  
  111  9:30  SCV  
  112  9:42  SCV  
  111  10:22  Nuke  
  111  10:25  Medivac  
  113  10:29  Marauder  
  115  10:38  Ghost  
  117  10:43  Ghost  
  117  10:47  Medivac  
  119  10:50  Ghost  
  119  10:51  Nuke  
  119  10:55  Medivac  
  119  10:56  Ghost Academy  
  123  11:00  Engineering Bay  
  123  11:08  Marauder  
  125  11:12  Marauder  
  127  11:19  Marauder  
  129  11:29  Marauder  
  131  11:33  Marauder  
  133  11:40  Marauder  
  135  11:50  Marauder  
  137  11:55  Marauder  
  139  12:02  Marauder  
  141  12:13  Marauder  
  122  12:16  Marauder  
  106  12:23  Marauder  
  84  12:35  Marauder  
  73  12:37  Marine  
  56  12:45  Marauder  
  55  12:55  Marine x2  
Show
View Real Time Build Order
Export as new Build Order

MooEsqoo Zerg - Winner!

Build Orders: Hatch First 

Get SALT Encoding   

  12  0:03  Drone  
  13  0:13  Overlord  
  13  0:17  Drone  
  14  0:31  Drone x2  
  16  0:38  Drone  
  17  0:56  Hatchery, Drone  
  17  1:03  Drone  
  18  1:09  Extractor  
  17  1:17  Spawning Pool  
  16  1:20  Drone  
  16  1:22  Drone  
  18  1:36  Drone  
  19  1:45  Drone  
  20  1:51  Overlord  
  20  2:07  Zergling x2  
  21  2:08  Queen  
  21  2:09  Queen  
  25  2:19  Zergling x2  
  26  2:23  Drone  
  26  2:24  Drone  
  26  2:25  Drone  
  26  2:26  Metabolic Boost  
  29  2:38  Drone x2  
  31  3:02  Drone  
  31  3:03  Zergling x4  
  31  3:04  Zergling x4  
  36  3:19  Roach Warren  
  35  3:21  Lair  
  35  3:23  Baneling Nest  
  34  3:30  Overlord x2  
  34  3:33  Zergling x4  
  36  3:37  Overlord  
  36  3:43  Extractor  
  36  3:46  Drone  
  36  3:57  Drone  
  36  3:58  Drone x2  
  36  3:59  Zergling x6  
  42  4:10  Hatchery  
  42  4:14  Roach x2  
  45  4:22  Queen  
  47  4:27  Centrifical Hooks  
  47  4:35  Roach  
  47  4:38  Zergling x4  
  50  4:39  Zergling x2  
  50  4:45  Baneling  
  52  5:00  Zergling x8  
  52  5:01  Zergling x4  
  52  5:03  Roach  
  60  5:14  Overlord  
  60  5:15  Overlord  
  60  5:22  Baneling x6  
  60  5:33  Roach x2  
  64  5:36  Zergling x6  
  67  5:45  Baneling x3  
  67  5:51  Drone x3  
  70  6:27  Zergling x2  
  70  6:28  Zergling x10  
  76  6:40  Baneling x5  
  76  6:41  Baneling x6  
  76  6:43  Zergling x4  
  78  6:51  Zergling x2  
  79  7:04  Extractor  
  79  7:05  Drone x3  
  79  7:07  Extractor  
  80  7:13  Queen  
  82  7:21  Overlord x4  
  82  7:22  Overlord  
  82  7:39  Queen  
  82  7:41  Ravager x2  
  82  7:42  Ravager x3  
  89  7:47  Roach x3  
  89  7:48  Roach  
  97  8:01  Drone x4  
  101  8:27  Baneling x2  
  101  8:28  Baneling x3  
  101  8:32  Zergling x4  
  104  8:46  Overseer x2  
  101  8:53  Overseer  
  100  9:24  Roach x4  
  100  9:25  Roach x3  
  114  9:37  Roach x2  
  118  10:02  Hatchery  
  117  10:36  Drone x2  
  117  10:37  Drone x3  
  117  10:38  Overlord  
  117  10:39  Overlord x4  
  122  11:04  Ravager x4  
  122  11:05  Ravager x8  
  122  11:06  Ravager x2  
  136  11:18  Drone x5  
  139  11:19  Drone x2  
  143  11:48  Zergling x2  
  143  11:49  Zergling x12  
Tags
 
League
Silver
Matchup
TvZ
Spawn Locations
Cross Positions
Add a new tag
Caveats
  • Supply blocks, unpowered buildings, or Contaminate may cause inaccurate times.
  • Supply counts are checked every 10 seconds.